 Dungeon Crawl Stone Soup version 0.25-a0-292-gaa31f04 (webtiles) character file.

Game seed: 5626803532583420732, levelgen mode: deterministic

95 Blackhawk the Skirmisher (level 4, -1/36 HPs)
             Began as a Demonspawn Abyssal Knight on Dec 15, 2019.
             Was a Follower of Lugonu.
             Killed from afar by an orc wizard (6 damage)
             ... with a magic dart
             ... on level 2 of the Dungeon.
             The game lasted 00:05:41 (2934 turns).

Blackhawk the Skirmisher (DsAK)                     Turns: 2934, Time: 00:05:42

Health: -1/36      AC: 10    Str: 13    XL:     4   Next: 39%
Magic:  6/6        EV: 11    Int: 13    God:    Lugonu [*.....]
Gold:   38         SH:  0    Dex: 13    Spells: 3/3 levels left

rFire    . . .     SeeInvis .   a - +1 hand axe
rCold    . . .     Gourm    .   (no shield)
rNeg     . . .     Faith    .   e - +0 chain mail
rPois    .         Spirit   .   (no helmet)
rElec    .         Reflect  .   (no cloak)
rCorr    .         Harm     .   i - +0 pair of gloves
MR       .....                  (no boots)
Stlth    ..........             h - amulet of magic regeneration
HPRegen  0.12/turn              n - +5 ring of evasion
MPRegen  0.35/turn              (no ring)

@: slowed, very slow
A: claws 1, rugged brown scales 1
a: Depart the Abyss, Renounce Religion


You were on level 2 of the Dungeon.
You worshipped Lugonu.
Lugonu was aware of your devotion.
You were hungry.

You visited 1 branch of the dungeon, and saw 3 of its levels.
You visited the Abyss 1 time.

You collected 38 gold pieces.

Inventory:

Hand Weapons
 a - a +1 hand axe (weapon)
Missiles
 q - 11 poisoned darts (quivered)
Armour
 b - a +0 leather armour
 e - a +0 chain mail (worn)
 i - a +0 pair of gloves (worn)
Jewellery
 h - an amulet of magic regeneration (around neck)
 n - a +5 ring of evasion (left hand)
 p - an uncursed amulet of faith {unknown}
Scrolls
 g - a scroll of blinking {unknown}
 j - 2 scrolls of remove curse {unknown}
 l - a scroll of random uselessness {unknown}
 m - a scroll of teleportation {unknown}
Potions
 d - a potion of heal wounds {unknown}
 f - a potion of mutation {unknown}
 k - a potion of agility {unknown}
Comestibles
 c - 6 rations
 o - a chunk of flesh


   Skills:
 + Level 3.5 Fighting
 + Level 2.4 Axes
 + Level 2.4 Armour
 + Level 1.8 Dodging
 + Level 3.4 Invocations


You had 3 spell levels left.
You didn't know any spells.
Your spell library was empty.

Dungeon Overview and Level Annotations

Branches:
Dungeon (3/15)

Altars:
Yredelemnul


Innate Abilities, Weirdness & Mutations

You have sharp fingernails.
You are partially covered in rugged brown scales. (AC +1, +3% HP)


Message History

The orc wizard points at you and mumbles some strange words.
The magic dart hits you.
* * * LOW HITPOINT WARNING * * *
The orc wizard hits you but does no damage. x2
You hit the orc wizard.
The orc wizard is heavily wounded.
Your chain mail prevents you from hitting the orc wizard.
The orc wizard hits you but does no damage.
The orc wizard hits you with a +0 dagger.
* * * LOW HITPOINT WARNING * * *
The orc wizard closely misses you.
The orc wizard hits you with a +0 dagger.
* * * LOW HITPOINT WARNING * * *
The orc wizard casts a spell.
The orc wizard blinks!
You hit the orc wizard.
The orc wizard is severely wounded.
The orc wizard points at you and mumbles some strange words.
The magic dart hits you.
You die...

#.# ###...##.####
########.####............
#..........##.#...##....# #######
#.######.#.##.##.####....
......###.##.....#.##.##.####.###
#####(##...#.###..............# #
#.)..#.....(.......####...###
#..#(.)#.###o###.#.# #....((
#.)##......>@ยง.o...# #>.##.#
#####..#####.###.###...# #..##.#
......<# #(###)###...# #..##.#
..###.## #...........# #(.##.#
#..##.# #####.###...# #.<.(.#
##....# #.###...####(....#
#..#### #.##.......(...(). ..##
#.............#... .##
####.#............


You could see 2 orc wizards.

Vanquished Creatures
  2 adders (D:2)
  3 gnolls
  2 worms (D:2)
  2 dart slugs (D:1)
  3 giant cockroaches (D:1)
  4 goblins
  5 hobgoblins
  3 jackals (D:2)
  A ball python (D:1)
  3 bats
  2 frilled lizards
  4 kobolds
  5 rats
39 creatures vanquished.

Notes
Turn   | Place    | Note
-------+----------+-------------------------------------------
     0 | Abyss:1  | Blackhawk the Demonspawn Abyssal Knight began the quest for
                  | the Orb.
     0 | Abyss:1  | Reached XP level 1. HP: 18/18 MP: 2/2
    25 | Abyss:1  | Found a shadowy altar of Dithmenos.
    41 | Abyss:1  | Noticed a large abomination
    61 | Abyss:1  | Noticed a quasit
    63 | D:1      | Escaped the Abyss
   220 | D:1      | Reached skill level 1 in Dodging
   247 | D:1      | Reached * piety under Lugonu
   345 | D:1      | Gained mutation: You have sharp fingernails. [demonic
                  | ancestry]
   345 | D:1      | Reached XP level 2. HP: 24/24 MP: 4/4
  1312 | D:2      | Gained mutation: You are partially covered in rugged brown
                  | scales. (AC +1, +3% HP) [demonic ancestry]
  1312 | D:2      | Reached XP level 3. HP: 17/29 MP: 5/5
  1941 | D:2      | Found a basalt altar of Yredelemnul.
  2188 | D:2      | Reached XP level 4. HP: 36/36 MP: 6/6
  2934 | D:2      | Killed from afar by an orc wizard

Levels and vault maps discovered:
D:1:      giann_horns, layout_loops_corners
D:2:      layout_loops_ring, yredelemnul_altar_generic
D:3:      layout_rooms, first_ration, uniq_ijyb

Skill      XL: |  1  2 |
---------------+-------+-----
Dodging        | 1 |  1.8
Axes           | 2 |  2.4
Armour         | 2 |  2.4
Invocations    | 3 |  3.4
Fighting       | |  3.5

Action                   |  1- 3 |  4- 6 || total
-------------------------+-------+-------++-------
Melee: Hand axe          |   144 |    45 ||   189
Throw: Dart              |       |     9 ||     9
Invok: Depart the Abyss  |     1 |       ||     1
  Eat: Chunk             |     4 |     2 ||     6
Armor: Chain mail        |    78 |    42 ||   120
       Leather armour    |     1 |       ||     1
Dodge: Dodged            |    73 |    53 ||   126

Table legend:
 A = Non-vault XP
 B = Vault XP
 C = Vault XP percentage of total XP
 D = Non-vault monster count
 E = Vault monster count
 F = Vault count percentage of total count
                 A         B        C        D         E       F
            +---------+---------+-------+---------+---------+-------
      Total |     136 |       0 |   0.0 |      39 |       0 |   0.0
            +---------+---------+-------+---------+---------+-------
        D:1 |      46 |       0 |   0.0 |      19 |       0 |   0.0
        D:2 |      90 |       0 |   0.0 |      20 |       0 |   0.0
            +---------+---------+-------+---------+---------+-------
